AoeStats
← Kamißon

Arena

508715316Analyzed
4v4 RM · 9d ago on Sep 23, 2026· 86m 22s· 8 players
Game mode
Random Map
Map size
Large (8 player)
Population
200
Speed
Normal
Resources
Standard
Victory
Conquest
Starting age
Dark Age
Ending age
Imperial Age
RankedLock teamsTeams togetherTeam positionsShared explorationLock speedFull tech treeHidden civsTurbo modeCheats
Victory
Defeat
🇹🇷 Khmer · Türkiye
963
+13
🇹🇷 Britons · Türkiye
946
+13
🇹🇷 Hindustanis · Türkiye
915
+15
🇹🇷 Ethiopians · Türkiye
907
+15
🇹🇷 Vietnamese · Türkiye
935
-15
🇹🇷 Franks · Türkiye
920
-15
🇹🇷 Varangians · Türkiye
851
-13
🇹🇷 Hindustanis · Türkiye
851
-13
Pestolu Makarna
12:16 Feudal Age
15:00 Double-Bit Axe
17:39 Castle Age
20:00 Bow Saw
25:06 Imperial Age
24:21 Gold Mining
24:23 Stone Mining
26:26 Scale Barding Armor
27:00 Gold Shaft Mining
27:07 Loom
30:36 Chain Barding Armor
32:12 Cavalier
33:49 Husbandry
34:56 Forging
36:37 Plate Barding Armor
36:38 Iron Casting
36:45 Paladin
45:18 Elite Skirmisher
46:03 Fletching
46:14 Padded Archer Armor
46:33 Imperial Skirmisher
47:48 Bodkin Arrow
48:09 Leather Archer Armor
49:19 Wheelbarrow
50:30 Chemistry
50:01 Conscription
51:52 Ballistics
77:57 Hand Cart
GarbageCollector
12:25 Feudal Age
14:13 Loom
17:26 Castle Age
15:53 Double-Bit Axe
17:27 Horse Collar
18:48 Squires
19:07 Forging
18:59 Scale Mail Armor
19:22 Heavy Plow
19:35 Bow Saw
22:41 Wheelbarrow
21:38 Pikeman
26:58 Arson
27:14 Gold Mining
28:03 Hand Cart
29:58 Chain Mail Armor
30:22 Iron Casting
34:35 Imperial Age
32:16 Scale Barding Armor
35:04 Ballistics
34:44 Murder Holes
35:00 Fortified Wall
34:52 Town Watch
36:41 Blast Furnace
36:12 Plate Mail Armor
35:14 Elite Varangian Guard
35:23 Gothikon
36:51 Conscription
36:28 Elite Jarl
37:47 Halberdier
38:58 Town Patrol
39:24 Chain Barding Armor
42:04 Plate Barding Armor
42:51 Chemistry
45:31 Onager
81:12 Siege Engineers
WellPlayed
11:58 Feudal Age
13:55 Double-Bit Axe
14:21 Loom
17:08 Castle Age
18:14 Bow Saw
17:46 Horse Collar
22:40 Stone Mining
25:02 Gold Mining
25:48 Stone Shaft Mining
30:25 Ballistics
32:03 Heavy Plow
31:41 Pikeman
33:24 Forging
35:49 Imperial Age
33:31 Scale Mail Armor
34:03 Squires
33:49 Arson
33:56 Arson
34:24 Thumb Ring
37:13 Gold Shaft Mining
36:56 Man-at-Arms
40:49 Elite Ghulam
43:16 Elite Skirmisher
49:52 Two-Man Saw
51:44 Onager
54:35 Chemistry
74:21 Wheelbarrow
73:34 Town Watch
82:18 Hand Cart
82:28 Hand Cart
okidoki07
11:13 Feudal Age
13:35 Double-Bit Axe
13:34 Horse Collar
14:36 Loom
15:05 Gold Mining
21:42 Castle Age
21:15 Stone Mining
21:30 Padded Archer Armor
21:47 Fletching
24:03 Stone Shaft Mining
23:29 Town Watch
24:51 Crossbowman
30:58 Thumb Ring
31:28 Bodkin Arrow
31:49 Leather Archer Armor
37:39 Imperial Age
35:49 Ballistics
38:36 Arbalester
39:05 Elite Rattan Archer
41:07 Paper Money
44:07 Bow Saw
45:10 Chemistry
44:43 Ring Archer Armor
44:14 Bracer
53:40 Elite Skirmisher
54:26 Elite Skirmisher
57:17 Imperial Skirmisher
58:06 Scale Mail Armor
68:34 Heavy Plow
Kamißon
10:07 Feudal Age
16:57 Castle Age
15:12 Double-Bit Axe
15:10 Horse Collar
17:42 Wheelbarrow
25:31 Ballistics
29:05 Heavy Plow
31:46 Imperial Age
29:02 Town Watch
30:04 Hand Cart
31:14 Husbandry
31:24 Bloodlines
32:34 Elite Battle Elephant
33:30 Bow Saw
35:15 Chemistry
35:08 Double Crossbow
35:29 Conscription
35:03 Heavy Scorpion
35:58 Town Patrol
35:43 Loom
38:36 Forging
38:31 Scale Barding Armor
38:26 Scale Mail Armor
38:16 Fletching
38:26 Padded Archer Armor
58:21 Tusk Swords
66:48 Light Cavalry
79:22 Siege Engineers
79:37 Fortified Wall
79:40 Masonry
elfce
9:01 Loom
10:47 Feudal Age
13:32 Horse Collar
18:32 Castle Age
16:20 Double-Bit Axe
16:31 Gold Mining
16:31 Stone Mining
18:38 Wheelbarrow
18:47 Fletching
20:06 Coinage
21:38 Bow Saw
22:27 Caravan
24:05 Bodkin Arrow
23:50 Crossbowman
27:25 Heavy Plow
27:39 Forging
29:15 Hand Cart
31:07 Padded Archer Armor
32:41 Ballistics
33:42 Gold Shaft Mining
35:53 Imperial Age
33:25 Heated Shot
36:42 Bracer
36:18 Arbalester
36:25 Elite Longbowman
37:44 Leather Archer Armor
38:33 Chemistry
39:29 Two-Man Saw
41:21 Elite Skirmisher
43:13 Town Watch
48:43 Murder Holes
48:35 Arrowslits
49:01 Masonry
49:33 Iron Casting
49:28 Ring Archer Armor
54:23 Blast Furnace
53:56 Architecture
53:06 Sappers
53:59 Conscription
57:05 Guilds
57:27 Banking
62:23 Yeomen
62:53 Siege Engineers
62:58 Fortified Wall
62:30 Cranequins
62:31 Heavy Mounted Crossbowman
63:16 Warwolf
62:46 Heavy Scorpion
65:47 Hoardings
69:39 Light Cavalry
71:36 Husbandry
82:36 Town Patrol
82:45 Scale Barding Armor
default
5:00 Loom
11:17 Feudal Age
15:14 Castle Age
13:17 Double-Bit Axe
15:25 Gold Mining
17:28 Scale Barding Armor
19:22 Husbandry
19:59 Horse Collar
22:56 Town Watch
26:22 Bloodlines
27:34 Gold Shaft Mining
28:15 Wheelbarrow
27:41 Town Patrol
27:58 Stone Mining
28:14 Heavy Plow
28:28 Bow Saw
30:08 Forging
31:20 Hand Cart
31:47 Chain Barding Armor
33:12 Stone Shaft Mining
37:03 Imperial Age
33:59 Elite Skirmisher
34:45 Thumb Ring
35:06 Fletching
35:16 Padded Archer Armor
36:52 Caravan
37:18 Heavy Camel Rider
38:53 Plate Barding Armor
39:13 Conscription
40:49 Grand Trunk Road
41:45 Imperial Camel Rider
41:57 Imperial Camel Rider
44:42 Iron Casting
50:12 Blast Furnace
Wallcanes
11:11 Feudal Age
15:52 Castle Age
15:53 Loom
20:03 Town Watch
24:37 Forging
24:35 Scale Mail Armor
28:36 Gold Mining
33:44 Iron Casting
33:25 Chain Mail Armor
36:49 Imperial Age
36:49 Husbandry
36:57 Cavalier
40:00 Halberdier
41:41 Scale Barding Armor
42:40 Blast Furnace
42:11 Plate Mail Armor
42:46 Padded Archer Armor
42:37 Fletching
43:31 Elite Skirmisher
44:43 Squires
48:36 Wheelbarrow
48:46 Thumb Ring
48:02 Heavy Cavalry Archer
50:34 Chain Barding Armor
58:30 Leather Archer Armor
58:11 Bodkin Arrow
60:10 Ballistics
60:51 Chemistry
61:35 Gold Shaft Mining
61:16 Heavy Camel Rider
64:26 Light Cavalry
65:35 Hussar
73:52 Caravan
76:46 Coinage
80:34 Royal Heirs
Connection lost

Rejoining the realm…

Still unreachable

The connection could not be restored.

Session expired

The server has moved on; the page needs a fresh start.